 Dungeon Crawl Stone Soup version 0.30-a0-310-g7d6cbdfea6 (webtiles) character file.

Game seed: 2387021999383600426

29 ryw the Trooper (level 3, -8/30 HPs)
             Began as a Demonspawn Monk on Oct 25, 2022.
             Killed by an exploding worm (16 damage)
             ... ignited by their inner flame
             ... on level 2 of the Dungeon.
             The game lasted 00:02:05 (1294 turns).

ryw the Trooper (Demonspawn Monk)                   Turns: 1294, Time: 00:02:08

Health: -8/30      AC:  2    Str:  9 (11) XL:     3   Next: 1%
Magic:  3/3        EV: 12    Int:  9 (11) God:
Gold:   127        SH:  0    Dex: 15 (17) Spells: 2/2 levels left

rFire   + . .      SeeInvis .      - Unarmed
rCold   . . .      Faith    .    (no shield)
rNeg    . . .      Spirit   .    a - +0 robe
rPois   .          Reflect  .    (no helmet)
rElec   .          Harm     .    (no cloak)
rCorr   .          Rampage  .    (no gloves)
Will    .....                    (no boots)
Stlth   ++........               (no amulet)
HPRegen 0.25/turn                (no ring)
MPRegen 0.08/turn                (no ring)

@: about to teleport
A: demonic guardian 1, fangs 1, fire resistance 1
a: no special abilities


You were on level 2 of the Dungeon.
You visited 1 branch of the dungeon, and saw 2 of its levels.

You collected 127 gold pieces.

Inventory:

Hand Weapons
 b - a +1 short sword of draining
Missiles
 e - 6 poisoned darts (quivered)
Armour
 a - a +0 robe (worn)
Jewellery
 d - a ring of fire
 f - a ring of flight
Wands
 k - a wand of light (5)
Scrolls
 h - a scroll of teleportation


   Skills:
 + Level 4.0 Fighting
 - Level 2.6 Dodging
 - Level 1.7 Stealth
 - Level 3.0 Unarmed Combat


You had 2 spell levels left.
You didn't know any spells.
Your spell library was empty.

Dungeon Overview and Level Annotations

Branches:
Dungeon (2/15)

Altars:


Innate Abilities, Weirdness & Mutations

A weak demonic guardian rushes to your aid.
You have very sharp teeth.
Your flesh is heat resistant. (rF+)


Message History

It was a potion of degeneration.
There was something very wrong with that liquid.
You feel weakened.
You feel dopey.
You feel clumsy.
It was a potion of mutation.
You feel extremely strange.
You feel resistant to heat.
Your teeth lengthen and sharpen.
You hit the worm. You bite the worm.
The worm is moderately wounded.
The worm barely misses you.
You hit the worm but do no damage.
The worm is moderately wounded.
You hit the worm.
The worm is moderately wounded.
The worm bites you.
You hit the worm but do no damage.
The worm is moderately wounded.
You hit the worm.
The worm is heavily wounded.
The worm closely misses you.
You hit the worm.
The worm is heavily wounded.
You hit the worm but do no damage.
The worm is heavily wounded.
The worm bites you!
* * * LOW HITPOINT WARNING * * *
You aren't carrying any potions.
Unknown command.
As you read the scroll labelled CIAN KEVVY SUE, it crumbles to dust.
The creatures around you are filled with an inner flame!
It was a scroll of immolation.
The worm closely misses you.
Unknown command.
As you read the scroll labelled AWNUFEUBLUIXT, it crumbles to dust.
You feel strangely unstable.
It was a scroll of teleportation.
You hit the worm.
Flame seeps out of the worm. x2; You bite the worm.
The worm is severely wounded.
The worm is engulfed in blazing flames.
The worm explodes!
The fiery explosion engulfs the adder!!
The fiery explosion engulfs you! You resist.
Ouch! That really hurt!
You die...

# ########
........ ##
........ # ..
######## #.###
.# # #. ... .#
#
#...##.###.#.#
#
#......§○@.#..
#
#######§####.#
.............#
....####.#.#.#
.. #.#.#.#
#.#.#.#
#.....# ..
###.#####.#
#..###.......#


There were no monsters in sight!

Vanquished Creatures
  2 adders (D:2)
  A worm (D:2)
  2 bats
  3 endoplasms
  A giant cockroach (D:1)
  A goblin (D:1)
  2 hobgoblins (D:1)
  A quokka (D:2)
  2 ball pythons (D:1)
  3 frilled lizards
  2 kobolds
20 creatures vanquished.

Notes
Turn   | Place    | Note
-------+----------+-------------------------------------------
     0 | D:1      | ryw the Demonspawn Monk began the quest for the Orb.
     0 | D:1      | Reached XP level 1. HP: 18/18 MP: 1/1
   329 | D:1      | Gained mutation: A weak demonic guardian rushes to your
                  | aid. [demonic ancestry]
   329 | D:1      | Reached XP level 2. HP: 20/24 MP: 2/2
  1105 | D:2      | Reached skill level 4 in Fighting
  1239 | D:2      | Reached XP level 3. HP: 30/30 MP: 3/3
  1284 | D:2      | Gained mutation: Your flesh is heat resistant. (rF+)
                  | [potion of mutation]
  1284 | D:2      | Gained mutation: You have very sharp teeth. [potion of
                  | mutation]
  1294 | D:2      | Killed by an exploding worm... ignited by their inner flame

Illustrated notes

Levels and vault maps discovered:
D:1:      minmay_arrival_three_doors, layout_loops_ring, corner_web_ring,
          st_stairs_2, nicolae_eternal_life, amcnicky_mini_pool_small
D:2:      layout_basic, uniq_natasha

Skill      XL: |  1  2 |
---------------+-------+-----
Unarmed Combat | 3 |  3.0
Fighting       | 4 |  4.0
Dodging        | |  2.6
Stealth        | |  1.7

Action                   || total
-------------------------++-------
Melee: Unarmed           ||    92
       Punch             ||     5
       Bite              ||     2
  Use: Potion            ||     3
       Scroll            ||     2
 Stab: Sleeping          ||     5
Armor: Robe              ||     5
Dodge: Dodged            ||    54

Table legend: (Time is in decaauts)
 A = Elapsed time spent in this place.
 B = Non-inter-level travel time spent in this place.
 C = Inter-level travel time spent in this place.
 D = Time resting spent in this place.
 E = Time spent auto-exploring this place.
 F = Levels seen in this place.
 G = Mean time per level.
                   A        B        C        D        E       F      G
               +--------+--------+--------+--------+--------+-----+--------+
         Total |   1287 |   1278 |      9 |      0 |   1083 |   2 |  643.5 |
       Dungeon |   1287 |   1278 |      9 |      0 |   1083 |   2 |  643.5 |
               +--------+--------+--------+--------+--------+-----+--------+

Top non-repeatable levels by time:
     D:1: 802 daAuts
     D:2: 484 daAuts
